 Dungeon Crawl Stone Soup version 0.17-a0-986-gf45d1aa (webtiles) character file.

875 l0ser140 the Conjurer (level 8, -2/46 HPs)
             Began as an Octopode Wizard on May 11, 2015.
             Was a Believer of Vehumet.
             Slain by an iguana (12 damage)
             ... on level 5 of the Dungeon.
             The game lasted 01:01:04 (8378 turns).

l0ser140 the Conjurer (Octopode Wizard)             Turns: 8378, Time: 01:01:05

Health: -2/46      AC:  1    Str:  6    XL:     8   Next: 4%
Magic:  0/14       EV: 13    Int: 21    God:    Vehumet [**....]
Gold:   268        SH:  0    Dex: 12    Spells: 5 memorised, 4 levels left

rFire  + . .     SeeInvis .     g - +0 whip
rCold  . . .     Clarity  .     (no shield)
rNeg   . . .     SustAb   .     a - +0 hat
rPois  .         Gourm    .     (no amulet)
rElec  .         Spirit   .     j - ring of protection from fire
rCorr  .         Warding  .     (no ring)
rMut   .         Stasis   .     (no ring)
MR     .....                    (no ring)
Stlth  ++++......               (no ring)
                                (no ring)
                                (no ring)
                                (no ring)

@: repel missiles, not resistant to hostile enchantments, stealthy
A: almost no armour, amphibious, 8 rings, constrict 8, camouflage 1, gelatinous
body 1
a: Renounce Religion


You were on level 5 of the Dungeon.
You worshipped Vehumet.
Vehumet was pleased with you.
You were hungry.

You visited 2 branches of the dungeon, and saw 6 of its levels.

You collected 268 gold pieces.

Inventory:

Hand weapons
 g - a +0 whip (weapon)
Armour
 a - a +0 hat (worn)
Jewellery
 j - a ring of protection from fire (left tentacle)
   (You found it on level 1 of the Dungeon)
Scrolls
 d - a scroll of immolation {unknown}
 l - 2 scrolls of recharging {unknown}
 n - a scroll of amnesia
 o - a scroll of enchant armour {unknown}
 q - a scroll of fog {unknown}
 r - a scroll of fear {unknown}
 w - a scroll of magic mapping {unknown}
 y - a scroll of random uselessness {unknown}
Potions
 e - 3 potions of magic {unknown}
 f - 2 potions of invisibility
 h - 5 potions of agility
 s - 3 potions of brilliance
 u - a potion of poison {unknown}
Books
 b - a book of Minor Magic

   Spells                             Type                      Level
   a - Magic Dart                     Conjuration                  1
   b - Blink                          Translocation                2
   c - Call Imp                       Summoning                    2
   d - Repel Missiles                 Charms/Air                   2
   e - Slow                           Hexes                        2
   f - Conjure Flame                  Conjuration/Fire             3
   g - Mephitic Cloud                 Conjuration/Poison/Air       3
 i - a book of Flames

   Spells                             Type                      Level
   a - Flame Tongue                   Conjuration/Fire             1
   b - Throw Flame                    Conjuration/Fire             2
   c - Conjure Flame                  Conjuration/Fire             3
   d - Inner Flame                    Hexes/Fire                   3
   e - Sticky Flame                   Conjuration/Fire             4
   f - Fireball                       Conjuration/Fire             5
Comestibles
 c - 2 bread rations
 p - a meat ration


   Skills:
 + Level 3.3 Dodging
 - Level 4.0 Stealth
 * Level 4.1 Spellcasting
 - Level 7.4 Conjurations
   Level 1.0 Summonings
   Level 1.0 Translocations


You had 4 spell levels left.
You knew the following spells:

 Your Spells              Type           Power        Failure   Level  Hunger
a - Magic Dart            Conj           ####         1%          1    None
c - Conjure Flame         Conj/Fire      ###.....     10%         3    ###....
d - Mephitic Cloud        Conj/Pois/Air  ##......     14%         3    ###....
q - Repel Missiles        Chrm/Air       #.....       17%         2    #......
s - Throw Flame           Conj/Fire      ###...       4%          2    #......


Dungeon Overview and Level Annotations

Branches:
Dungeon (5/15)             Temple (1/1) D:5

Altars:
Ashenzari
Cheibriados
Dithmenos
Elyvilon
Fedhas
Gozag
Kikubaaqudgha
Makhleb
Nemelex Xobeh
Okawaru
Qazlal
Ru
Sif Muna
Trog
Vehumet
Xom
Yredelemnul
Zin
The Shining One

Shops:
D:5 }

Annotations:
D:4 exclusion: 2 downstairs
D:5 Githyanki's ghost, experienced DDFi


Innate Abilities, Weirdness & Mutations

You cannot wear most types of armour.
You are amphibious.
You can wear up to eight rings at the same time.
You can use your tentacles to constrict eight enemies at once.
Your skin changes colour to match your surroundings (Stealth).
Your rubbery body absorbs attacks (AC +1).


Message History

Okay, then.
Read which item? (? for menu, Esc to quit)
Okay, then.
Casting: Magic Dart
Confirm with . or Enter, or press ? or * to list all spells.
Aiming: Magic Dart
Press: ? - help, Shift-Dir - straight line, f/p - iguana
Aim: an iguana (moderately wounded)
The magic dart hits the iguana.
The iguana is severely wounded.
* * * LOW MAGIC WARNING * * *
The iguana misses you.
Casting: Magic Dart
Confirm with . or Enter, or press ? or * to list all spells.
Aiming: Magic Dart
Press: ? - help, Shift-Dir - straight line, f/p - iguana
Aim: an iguana (severely wounded)
The magic dart hits the iguana.
The iguana is severely wounded.
* * * LOW MAGIC WARNING * * *
The iguana misses you.
You hit the iguana. You grab the iguana.
The iguana is severely wounded.
You constrict the iguana, but do no damage.
The iguana barely misses you.
You barely miss the iguana.
The iguana is severely wounded.
You constrict the iguana. The iguana bites you!
* * * LOW HITPOINT WARNING * * *
Huge Dmg: -17%(-8hp) hp: 27%(12hp)
You barely miss the iguana.
The iguana is severely wounded.
You constrict the iguana, but do no damage.
The iguana bites you!
* * * LOW HITPOINT WARNING * * *
Huge Dmg: -16%(-7hp) hp: 11%(5hp) Drink which item? (? for menu, Esc to quit)
You feel better.
You constrict the iguana.
The iguana bites you but does no damage.
Casting: Magic Dart
Confirm with . or Enter, or press ? or * to list all spells.
Aiming: Magic Dart
Press: ? - help, Shift-Dir - straight line, f/p - iguana
Aim: an iguana (almost dead, constricted by you)
The magic dart hits the iguana.
The iguana is almost dead.
* * * LOW MAGIC WARNING * * *
You constrict the iguana, but do no damage.
The iguana bites you!
You die...

###### ##x...## # ###.l....#
#........ .#### #.<......#
#........ ....# #[.......#
#......>. ....#########)##....##
#........ ............[.....###
#.$...... ....##.)..[.......#
#........ ....##.####.8.#...#
####........
....##.###.......####..☺?....%..


You could see an iguana.

Vanquished Creatures
  An ice beast (D:5)
  3 ogres (D:4)
  A phantom (D:4)
  A giant frog (D:5)
  An orc wizard (D:4)
  An iguana (D:5)
  A worker ant (D:4)
  7 gnolls (D:4 D:5)
  7 adders (D:2 D:4)
  An ooze (D:2)
  An adder skeleton (D:4)
  12 orcs (D:3 D:4 D:5)
  3 ball pythons (D:1 D:2)
  11 bats (D:1 D:2 D:4)
  26 hobgoblins (D:1 D:2 D:4 D:5)
  13 kobolds (D:1 D:3 D:4 D:5)
  3 quokkas (D:3 D:5)
  2 giant cockroaches (D:1 D:5)
  4 giant newts (D:1 D:2)
  37 goblins (D:1 D:3 D:4 D:5)
  8 rats (D:1 D:2 D:3 D:5)
144 creatures vanquished.

Notes
Turn   | Place    | Note
--------------------------------------------------------------
     0 | D:1      | l0ser140 the Octopode Wizard began the quest for the Orb.
     0 | D:1      | Reached XP level 1. HP: 11/11 MP: 4/4
   221 | D:1      | Reached skill level 2 in Conjurations
   221 | D:1      | Reached XP level 2. HP: 17/17 MP: 1/6
   999 | D:2      | Found a glowing silver altar of Zin.
   999 | D:2      | Found a glowing golden altar of the Shining One.
   999 | D:2      | Found a white marble altar of Elyvilon.
  1013 | D:2      | Found a sparkling altar of Nemelex Xobeh.
  1015 | D:2      | Found a basalt altar of Yredelemnul.
  1015 | D:2      | Found a radiant altar of Vehumet.
  1015 | D:2      | Found a burning altar of Makhleb.
  1016 | D:2      | Found a bloodstained altar of Trog.
  1017 | D:2      | Found a sacrificial altar of Ru.
  1018 | D:2      | Found an iron altar of Okawaru.
  1035 | D:2      | Reached XP level 3. HP: 18/21 MP: 4/7
  1085 | D:2      | Became a worshipper of Vehumet
  1129 | D:2      | Reached skill level 3 in Conjurations
  1459 | D:2      | Reached XP level 4. HP: 24/27 MP: 6/8
  1469 | D:2      | Huge Dmg: 5 Dmg
  2231 | D:3      | Reached skill level 4 in Conjurations
  2829 | D:4      | Found a shattered altar of Ashenzari.
  3382 | D:4      | Noticed an ogre
  3718 | D:4      | Reached XP level 5. HP: 31/31 MP: 3/9
  3794 | D:5      | Entered Level 5 of the Dungeon
  3794 | D:5      | Noticed an ice beast
  3839 | D:3      | Learned a level 3 spell: Mephitic Cloud
  3843 | D:3      | Learned a level 3 spell: Conjure Flame
  3846 | D:3      | Learned a level 2 spell: Throw Flame
  4094 | D:5      | Found a staircase to the Ecumenical Temple.
  4099 | D:5      | Acquired Vehumet's first power
  4099 | D:5      | Offered knowledge of Shock by Vehumet.
  4139 | D:5      | Noticed a sky beast
  4327 | D:4      | Killed an ogre
  4327 | D:4      | Reached skill level 5 in Conjurations
  4327 | D:4      | Reached XP level 6. HP: 36/36 MP: 3/10
  4432 | D:4      | Huge Dmg: 9 Dmg
  4614 | D:4      | Reached skill level 6 in Conjurations
  4660 | D:4      | Noticed an ogre
  5003 | D:4      | Huge Dmg: 7 Dmg
  5004 | D:4      | Huge Dmg: 9 Dmg
  5083 | D:4      | Killed an ogre
  5264 | D:4      | Offered knowledge of Sandblast by Vehumet.
  5545 | D:4      | Reached skill level 7 in Conjurations
  5640 | D:4      | Reached XP level 7. HP: 38/41 MP: 0/11
  5852 | D:4      | Learned a level 2 spell: Repel Missiles
  6032 | D:4      | Offered knowledge of Searing Ray by Vehumet.
  6035 | D:4      | Huge Dmg: 6 Dmg
  6255 | D:4      | Reached skill level 3 in Stealth
  6399 | D:4      | Huge Dmg: 9 Dmg
  6747 | D:5      | Found Urisesch's Gadget Shop.
  6764 | D:5      | Noticed Githyanki's ghost (experienced DDFi)
  6873 | D:5      | Huge Dmg: 11 Dmg
  6874 | D:5      | Huge Dmg: 9 Dmg
  6876 | D:4      | Huge Dmg: 8 Dmg
  6909 | D:4      | Huge Dmg: 6 Dmg
  6920 | D:4      | Huge Dmg: 6 Dmg
  7630 | Temple   | Entered the Ecumenical Temple
  7948 | D:5      | Reached skill level 4 in Stealth
  8031 | D:5      | Reached skill level 3 in Dodging
  8249 | D:5      | Huge Dmg: 15 Dmg
  8307 | D:5      | Huge Dmg: 13 Dmg
  8332 | D:5      | Killed an ice beast
  8332 | D:5      | Reached skill level 4 in Spellcasting
  8332 | D:5      | Reached XP level 8. HP: 25/46 MP: 2/14
  8368 | D:5      | Huge Dmg: 7 Dmg
  8369 | D:5      | Huge Dmg: 14 Dmg
  8376 | D:5      | Huge Dmg: 8 Dmg
  8377 | D:5      | Huge Dmg: 7 Dmg
  8378 | D:5      | Slain by an iguana

Vault maps used:
D:1:      sevenhm_arrival_forest_fort_small_4, st_stairs_11,
          roderic_roman_lattice, minmay_misc_feat_secret_circle
D:2:      good_gods_mini_temple, grunt_temple_overflow_open
D:3:      serial_forest, infiniplex_forest_lined_2, infiniplex_forest_end_2,
          infiniplex_forest_clump_large, infiniplex_forest_clump_tiny,
          infiniplex_forest_clump_double, infiniplex_forest_lined_ring,
          infiniplex_forest_zigzag_2, infiniplex_forest_clump_double,
          infiniplex_forest_lined_corner, infiniplex_forest_clump_diagonal
D:4:      minmay_goblin_kobold_castle, cheibrodos_ashenzari_chains, first_bread
D:5:      minmay_temple_entry_statues_pillars, serial_shops, shop
Temple:   jpeg_temple_alley_garden_8

Action                   |  1- 3 |  4- 6 |  7- 9 || total
-------------------------+-------+-------+-------++-------
Melee: Unarmed           |    11 |       |       ||    11
       Dagger            |    29 |    19 |       ||    48
       Whip              |       |    14 |    30 ||    44
 Cast: Magic Dart        |    44 |   137 |    63 ||   244
       Throw Flame       |       |    34 |    48 ||    82
       Conjure Flame     |       |     3 |     4 ||     7
       Mephitic Cloud    |       |     1 |     6 ||     7
       Repel Missiles    |       |       |     1 ||     1
  Use: Scroll            |       |     9 |       ||     9
       Potion            |       |     1 |     2 ||     3
 Stab: Sleeping          |     1 |     3 |       ||     4
       Confused          |       |     1 |       ||     1
  Eat: Chunk             |     2 |     8 |     7 ||    17
       Bread ration      |       |     1 |       ||     1
       Fruit             |       |     2 |     2 ||     4
       Pizza             |       |       |     1 ||     1

Vault maps used:
D:1:      sevenhm_arrival_forest_fort_small_4, st_stairs_11,
          roderic_roman_lattice, minmay_misc_feat_secret_circle
D:2:      good_gods_mini_temple, grunt_temple_overflow_open
D:3:      serial_forest, infiniplex_forest_lined_2, infiniplex_forest_end_2,
          infiniplex_forest_clump_large, infiniplex_forest_clump_tiny,
          infiniplex_forest_clump_double, infiniplex_forest_lined_ring,
          infiniplex_forest_zigzag_2, infiniplex_forest_clump_double,
          infiniplex_forest_lined_corner, infiniplex_forest_clump_diagonal
D:4:      minmay_goblin_kobold_castle, cheibrodos_ashenzari_chains, first_bread
D:5:      minmay_temple_entry_statues_pillars, serial_shops, shop
Temple:   jpeg_temple_alley_garden_8
